 Dungeon Crawl Stone Soup version 0.29-a0-317-gd16b76e6b1 (webtiles) character file.

Game seed: 16509674325541896547

4977 Ajdolov the Grappler (level 8, -1/89 HPs)
             Began as a Troll Delver on Mar 31, 2022.
             Was a Believer of Ru.
             Slain by Grum
             ... wielding a -2 glaive
              (16 damage)
             ... on level 9 of the Dungeon.
             The game lasted 00:13:54 (6714 turns).

Ajdolov the Grappler (Troll Delver)                 Turns: 6714, Time: 00:13:55

Health: -1/89      AC:  6    Str: 26    XL:     8   Next: 29%
Magic:  7/7        EV:  9    Int:  6    God:    Ru [**....]
Gold:   465        SH:  0    Dex: 11    Spells: 7/7 levels left

rFire   . . .      SeeInvis .     - Unarmed
rCold   . . .      Faith    .   (no shield)
rNeg    . . .      Spirit   .   a - +0 robe
rPois   .          Reflect  .   d - +2 hat {Stlth+}
rElec   .          Harm     .   x - scarf {+Inv}
rCorr   .          Rampage  .   (gloves unavailable)
Will    .....                   (boots unavailable)
Stlth   +++.......              s - amulet of magic regeneration
HPRegen 1.04/turn               (no ring)
MPRegen 0.50/turn               (no ring)

@: no status effects
A: large, unfitting armour, claws 3, regeneration 1, shaggy fur 1, tough skin 1,
no earth magic, no translocations magic, no transmutations magic, inexperienced
1
a: Renounce Religion, Evoke Invisibility


You were on level 9 of the Dungeon.
You worshipped Ru.
Ru was pleased with you.
You visited 2 branches of the dungeon, and saw 10 of its levels.

You collected 525 gold pieces.
You spent 60 gold pieces at shops.

Inventory:

Missiles
 j - a throwing net (quivered)
 G - a curare-tipped dart
Armour
 a - a +0 robe (worn)
 d - a +2 hat of stealth (worn)
 x - a scarf of invisibility (worn)
Jewellery
 s - an amulet of magic regeneration (around neck)
Wands
 f - a wand of digging (3)
 n - a wand of polymorph (21)
 y - a wand of charming (6)
 C - a wand of paralysis (12)
 E - a wand of iceblast (5)
Scrolls
 b - 2 scrolls of fog
 c - a scroll of magic mapping
 g - 3 scrolls of vulnerability
 k - 2 scrolls of summoning {unknown}
 t - 6 scrolls of teleportation
 u - a scroll of enchant armour
 v - a scroll of blinking
 w - 4 scrolls of enchant weapon
 z - a scroll of noise {unknown}
 B - 2 scrolls of silence
 F - a scroll of torment {unknown}
Potions
 e - 2 potions of haste
 h - 2 potions of attraction {unknown}
 i - a potion of resistance {unknown}
 l - a potion of heal wounds
 m - 2 potions of lignification {unknown}
 p - a potion of berserk rage {unknown}
 q - a potion of curing
 A - 2 potions of might
 D - 2 potions of mutation {unknown}


   Skills:
 + Level 8.5 Fighting
 - Level 1.5 Dodging
 - Level 2.7 Stealth
 - Level 12.0 Unarmed Combat


You had 7 spell levels left.
You didn't know any spells.
Your spell library contained the following spells:

 Spells                   Type           Power      Damage    Failure   Level
 Foxfire                  Conj/Fire      0%         2x1d4     45%         1
 Pain                     Necr           0%         1d4       45%         1
 Sublimation of Blood     Necr           0%         N/A       58%         2
 Confusing Touch          Hex            0%         N/A       83%         3
 Flame Wave               Conj/Fire      0%         2d4       99%         4
 Summon Ice Beast         Ice/Summ       0%         N/A       99%         4
 Agony                    Necr           0%         N/A       100%        5
 Excruciating Wounds      Necr           0%         N/A       100%        5
 Summon Cactus Giant      Summ           0%         N/A       100%        6
 Enfeeble                 Hex            0%         N/A       100%        7
 Summon Hydra             Summ           0%         N/A       100%        7
 Beastly Appendage        Tmut           Unusable   N/A       N/A         1
 Wereblood                Tmut           Unusable   N/A       N/A         2
 Spider Form              Tmut/Pois      Unusable   N/A       N/A         3
 Yara's Violent Unravell  Hex/Tmut       Unusable   3d3       N/A         5

Dungeon Overview and Level Annotations

Branches:
Dungeon (9/15)             Temple (1/1) D:6            Lair (0/6) D:8
    Orc: D:9-12

Altars:
Ashenzari
Dithmenos
Fedhas
Hepliaklqana
Kikubaaqudgha
Makhleb
Nemelex Xobeh
Okawaru
Qazlal
Ru
Trog
Wu Jian
Xom
Yredelemnul
The Shining One

Shops:
D:3 *

Annotations:
D:9 Grum


Innate Abilities, Weirdness & Mutations

You are too large for most types of armour.
You have claws for hands.
Your natural rate of healing is unusually fast.
You are covered in fur. (AC +1)
You have tough skin. (AC +1)
You cannot study or cast Earth magic.
You cannot study or cast Translocations magic.
You cannot study or cast Transmutations magic.
You are somewhat inexperienced. (-2 XL)


Message History

The wolf barely misses you.
You barely miss something. The wolf closely misses you. Something hits you.
You claw something!
Reactivating autopickup.
You feel a bit more experienced. The wolf completely misses you.
The wolf bites you.
You barely miss the wolf. The wolf bites you.
You closely miss the wolf. The wolf bites you.
You scratch the wolf.
The wolf is moderately wounded.
The wolf bites you but does no damage.
You claw the wolf!
The wolf is severely wounded.
The wolf bites you but does no damage. The wolf bites you.
You mangle the wolf!!
You kill the wolf!
You barely miss the wolf. The wolf bites you.
You completely miss the wolf. Your claw misses the wolf.
The wolf closely misses you.
Grum hits you from afar with a -2 glaive!!
The wolf bites you.
You closely miss the wolf. You claw the wolf!
The wolf is moderately wounded.
The wolf closely misses you.
Grum hits you from afar with a -2 glaive!
You claw the wolf!
You kill the wolf!
Grum hits you from afar with a -2 glaive!!
* * * LOW HITPOINT WARNING * * *
Grum closely misses you.
Things that are here:
a wolf corpse; a wolf corpse Unknown command.
You mangle Grum!!
Grum is severely wounded.
Unknown command.
You closely miss Grum.
Grum is severely wounded.
Grum hits you with a -2 glaive!
You die...

.......#
##.........#
.##..#.#
######.........##.
#..
..........)o......
#.........o).o..##
..#.....##........
....#...##.....#..
#.###.#)##.....# .
#. #.#)####....#
#.#@# .#..# #g#
....^ #. #h# .#.#
#.# #h# ###...#.#
........#
#.......#
#..#.....
..........


You could see Grum and 2 wolves.

Vanquished Creatures
  Gastronok (D:9)
  2 steam dragons
  A water moccasin (D:6)
  2 ice beasts (D:6)
  2 black bears
  2 sky beasts
  An orc warrior (D:7)
  2 ogres (D:5)
  2 wolves (D:9)
  A centaur (D:6)
  3 kobold brigands
  3 scorpions (D:6)
  4 bullfrogs
  3 necrophages
  14 killer bees
  A bullfrog zombie (D:5)
  2 orc priests
  6 hounds
  A jelly (D:6)
  3 gnoll shamans
  6 iguanas
  4 orc wizards
  A hound zombie (D:5)
  23 gnolls
  8 adders
  A shadow imp (D:6)
  2 white imps
  An ufetubus (D:5)
  2 worms (D:3)
  5 dart slugs
  16 orcs
  2 bats
  6 endoplasms
  A giant cockroach (D:3)
  3 goblins
  4 hobgoblins
  4 jackals (D:4)
  18 kobolds
  3 quokkas
  2 ball pythons
  6 rats
174 creatures vanquished.

Notes
Turn   | Place    | Note
-------+----------+-------------------------------------------
     0 | D:5      | Ajdolov the Troll Delver began the quest for the Orb.
     0 | D:5      | Reached XP level 1. HP: 22/22 MP: 0/0
    11 | D:5      | Reached XP level 2. HP: 29/29 MP: 1/1
    12 | D:5      | You fall into a shaft and drop 2 floors!
    41 | D:7      | Reached skill level 3 in Unarmed Combat
    41 | D:7      | Reached XP level 3. HP: 30/36 MP: 2/2
    42 | D:7      | Noticed a killer bee
    43 | D:7      | Noticed a killer bee
    53 | D:7      | Killed a killer bee
    54 | D:7      | Reached XP level 4. HP: 36/45 MP: 3/3
    87 | D:6      | Noticed a scorpion
    96 | D:6      | Killed a scorpion
    97 | D:6      | Reached skill level 4 in Unarmed Combat
    97 | D:6      | Reached XP level 5. HP: 20/53 MP: 4/4
   168 | D:6      | Noticed an ice beast
   220 | D:6      | Noticed a water moccasin
   220 | D:6      | Noticed a steam dragon
   299 | D:6      | Noticed a centaur
   305 | D:6      | Killed a centaur
   306 | D:6      | Reached skill level 5 in Unarmed Combat
   306 | D:6      | Reached XP level 6. HP: 62/62 MP: 5/5
   438 | D:5      | Reached skill level 6 in Unarmed Combat
   461 | D:5      | Reached XP level 7. HP: 57/71 MP: 6/6
   604 | D:5      | Reached skill level 7 in Unarmed Combat
  1125 | D:6      | Reached skill level 5 in Fighting
  1149 | D:6      | Reached XP level 8. HP: 74/80 MP: 7/7
  1180 | D:6      | Reached skill level 8 in Unarmed Combat
  1252 | D:6      | Found a staircase to the Ecumenical Temple.
  1259 | Temple   | Entered the Ecumenical Temple
  1270 | Temple   | Became a worshipper of Ru the Awakened
  2170 | D:3      | Found Sukhlit's General Store.
  2177 | D:3      | Bought a scroll of teleportation for 36 gold pieces
  2177 | D:3      | Bought a scroll of identify for 24 gold pieces
  2359 | D:3      | Gained mutation: You cannot study or cast Earth magic. [Ru
                  | sacrifice]
  2359 | D:3      | Gained mutation: You cannot study or cast Transmutations
                  | magic. [Ru sacrifice]
  2359 | D:3      | Gained mutation: You cannot study or cast Translocations
                  | magic. [Ru sacrifice]
  2359 | D:3      | Reached * piety under Ru
  2751 | D:2      | Found an iron altar of Okawaru.
  2898 | D:2      | Found a faded altar of an unknown god.
  3047 | D:1      | Got the Catalogue of Creation and the Volcanoes
  4029 | D:6      | Reached skill level 9 in Unarmed Combat
  4500 | D:6      | Reached skill level 10 in Unarmed Combat
  4500 | D:6      | Reached XP level 9. HP: 63/89 MP: 8/8
  4773 | D:7      | Gained mutation: You are somewhat inexperienced. (-2 XL)
                  | [Ru sacrifice]
  4773 | D:7      | Reached XP level 8. HP: 83/83 MP: 7/7
  4773 | D:7      | Reached XP level 7. HP: 75/75 MP: 6/6
  4773 | D:7      | Reached ** piety under Ru
  5098 | D:7      | Found a glowing golden altar of the Shining One.
  5571 | D:8      | Found a staircase to the Lair.
  5657 | D:8      | Reached skill level 11 in Unarmed Combat
  6142 | D:9      | Noticed Gastronok
  6543 | D:9      | HP: 1/78 [Gastronok/the air (32)]
  6544 | D:9      | Killed Gastronok
  6545 | D:9      | Reached skill level 12 in Unarmed Combat
  6545 | D:9      | Reached XP level 8. HP: 2/88 MP: 7/7
  6688 | D:9      | Noticed Grum
  6714 | D:9      | Slain by Grum

Illustrated notes

Levels and vault maps discovered:
D:1:      dpeg_arrival_renting, layout_rooms, chequers_serial_rivers_small_3
D:2:      layout_rooms, basic_ecumenical_altar, basic_altar, st_stairs_13
D:3:      layout_basic, serial_shops, nicolae_shop_trees
D:4:      layout_loops_cross
D:5:      layout_cave_pools, serial_undead, serial_undead_d, serial_undead_b,
          serial_undead_f, serial_undead_e
D:6:      layout_loops_ring, minmay_temple_entry_wispy, minmay_fractal_squares_5
D:7:      layout_cave_pods, mainiacjoe_overflow_concentric_impassable,
          minivault_22
D:8:      layout_loops_ring, dpeg_oklobed_lair
D:9:      layout_rooms, uniq_grum, uniq_gastronok
Temple:   dpeg_three_leaves_temple

Skill      XL: |  1  2  3  4  5  6  7  8 |
---------------+-------------------------+-----
Unarmed Combat | 3 4 5 6 12 10 | 12.0
Fighting       | 3 4 8 6 |  8.5
Dodging        | |  1.5
Stealth        | |  2.7

Action                   |  1- 3 |  4- 6 |  7- 9 || total
-------------------------+-------+-------+-------++-------
Melee: Unarmed           |    20 |    52 |   445 ||   517
       Punch             |       |     3 |    17 ||    20
Invok: Sacrifice Experie |       |       |     1 ||     1
       Sacrifice Arcana  |       |       |     1 ||     1
  Use: Scroll            |       |       |    13 ||    13
       Potion            |       |       |     4 ||     4
 Stab: Sleeping          |       |     2 |    13 ||    15
       Invisible         |       |       |     3 ||     3
       Distracted        |       |       |     1 ||     1
Armor: Robe              |     8 |     8 |   117 ||   133
Dodge: Dodged            |     9 |    15 |   206 ||   230

Table legend: (Time is in decaauts)
 A = Elapsed time spent in this place.
 B = Non-inter-level travel time spent in this place.
 C = Inter-level travel time spent in this place.
 D = Time resting spent in this place.
 E = Time spent auto-exploring this place.
 F = Levels seen in this place.
 G = Mean time per level.
                   A        B        C        D        E       F      G
               +--------+--------+--------+--------+--------+-----+--------+
         Total |   6646 |   6187 |    459 |    556 |   4125 |  10 |  664.6 |
       Dungeon |   6623 |   6164 |    459 |    556 |   4125 |   9 |  735.9 |
        Temple |     22 |     22 |      0 |      0 |      0 |   1 |   22.0 |
               +--------+--------+--------+--------+--------+-----+--------+

Top non-repeatable levels by time:
     D:6: 1414 daAuts
     D:8: 1147 daAuts
     D:7: 955 daAuts
     D:3: 740 daAuts
     D:5: 655 daAuts
     D:4: 654 daAuts
     D:1: 540 daAuts
     D:2: 408 daAuts
     D:9: 107 daAuts
  Temple: 22 daAuts
